 Dungeon Crawl Stone Soup version 0.19-a0-1058-g5566a1a (webtiles) character file.

466 Jmtri7 the Changer (level 7, 0/38 HPs)
             Began as an Octopode Transmuter on Aug 2, 2016.
             Slain by a jackal (3 damage)
             ... on level 5 of the Dungeon.
             The game lasted 00:17:18 (5461 turns).

Jmtri7 the Changer (Octopode Transmuter)            Turns: 5461, Time: 00:17:19

Health: 0/38       AC:  1    Str: 11    XL:     7   Next: 8%
Magic:  6/10       EV: 19    Int: 16    God:
Gold:   104        SH:  0    Dex: 17    Spells: 2 memorised, 4 levels left

rFire  . . .     SeeInvis .       - Unarmed
rCold  . . .     Gourm    .     (shield currently unavailable)
rNeg   . . .     Faith    .     (helmet restricted)
rPois  +         Spirit   .     (no amulet)
rElec  .         Dismiss  .     f - ring of poison resistance
rCorr  .         Reflect  .     (no ring)
SustAt .         Harm     .     (no ring)
MR     .....                    (no ring)
Stlth  ++++......               (no ring)
                                (no ring)
                                (no ring)
                                (no ring)

@: agile, blade tentacles, not resistant to hostile enchantments, stealthy
A: almost no armour, amphibious, 8 rings, constrict 8, camouflage 1, frail 1,
mutation resistance 2, gelatinous body 1
a: End Transformation


You were on level 5 of the Dungeon.
You were very hungry.
You had blades for tentacles.
You visited 1 branch of the dungeon, and saw 5 of its levels.

You collected 104 gold pieces.

Inventory:

Missiles
 a - 35 arrows
Jewellery
 f - a ring of poison resistance (left scythe-like blade)
 h - an uncursed ring of ice
 p - an uncursed ring of ice
Scrolls
 e - 2 scrolls of noise {unknown}
 g - 3 scrolls of amnesia {unknown}
 i - 2 scrolls of magic mapping {unknown}
 l - 3 scrolls of teleportation {unknown}
 n - 2 scrolls of random uselessness {unknown}
 o - a scroll of fog {unknown}
 q - 2 scrolls of identify {unknown}
 r - a scroll of remove curse {unknown}
Potions
 s - 3 potions of agility
Books
 b - a book of Changes

   Spells                             Type                      Level
   a - Beastly Appendage              Transmutation                1
   b - Sticks to Snakes               Transmutation                2
   c - Spider Form                    Transmutation/Poison         3
   d - Ice Form                       Ice/Transmutation            4
   e - Blade Hands                    Transmutation                5
Comestibles
 c - 2 bread rations
 j - a meat ration
 m - 2 beef jerkies


   Skills:
 - Level 1.0 Fighting
 - Level 2.0 Dodging
 - Level 3.0 Unarmed Combat
 - Level 2.0 Spellcasting
 + Level 7.4 Transmutations


You had 4 spell levels left.
You knew the following spells:

 Your Spells              Type           Power        Failure   Level  Hunger
a - Beastly Appendage     Tmut           ####..       17%         1    #......
b - Blade Hands           Tmut           ####......   77%         5    ######.


Dungeon Overview and Level Annotations

Branches:
Dungeon (5/15)
 Temple: D:4-7

Altars:
Makhleb
Nemelex Xobeh
Ru


Innate Abilities, Weirdness & Mutations

You cannot wear most types of armour.
You are amphibious.
You can wear up to eight rings at the same time.
You can use your tentacles to constrict eight enemies at once.
Your skin changes colour to match your surroundings (Stealth+).
Your rubbery body absorbs attacks. (AC +1, EV +1)
You are frail. (-10% HP)
You are somewhat resistant to both further mutation and mutation removal.


Message History

You hit the jackal.
You kill the jackal!
The jackal closely misses you.
You miss the jackal. Your grab misses the jackal.
The orc priest invokes the aid of Beogh against you.
Beogh smites you!
* * * LOW HITPOINT WARNING * * *
The jackal bites you.
* * * LOW HITPOINT WARNING * * *
The jackal closely misses you. The jackal closely misses you.
You hit the jackal but do no damage. Your grab misses the jackal.
The jackal bites you.
* * * LOW HITPOINT WARNING * * *
It was a potion of agility.
You feel agile all of a sudden. The jackal bites you.
* * * LOW HITPOINT WARNING * * *
The jackal bites you.
You die...

...# # ..# #. ..#
#.####.# ######.
#(...#.. .......
#.....###....... #
#.....).%.......
#.##.....####......
#........@hh# .....
###.....##o# h...
#.....##.# h..
#.....##h# ..
########o# .
######## #o#
.......# #o#
.......# #.#
.......###########.#


You could see an orc and 2 jackals.

Vanquished Creatures
  An ogre (D:5)
  An orc wizard (D:3)
  2 orc priests
  Ijyb (D:3)
  3 worker ants
  Robin (D:3)
  3 adders (D:2)
  2 oozes
  An adder skeleton (D:4)
  6 worms
  2 dart slugs
  3 giant geckos
  9 orcs
  9 bats
  7 giant cockroaches
  8 hobgoblins
  11 jackals
  11 kobolds
  A quokka (D:3)
  4 ball pythons
  4 giant newts
  15 goblins
  A quokka zombie (D:5)
  11 rats
117 creatures vanquished.

Notes
Turn   | Place    | Note
-------+----------+-------------------------------------------
     0 | D:1      | Jmtri7 the Octopode Transmuter began the quest for the Orb.
     0 | D:1      | Reached XP level 1. HP: 13/13 MP: 3/3
   482 | D:1      | Reached XP level 2. HP: 5/18 MP: 3/5
   716 | D:1      | Reached skill level 3 in Transmutations
   983 | D:1      | Reached XP level 3. HP: 22/23 MP: 6/6
  1888 | D:2      | Reached skill level 4 in Transmutations
  2250 | D:2      | Reached XP level 4. HP: 28/28 MP: 5/7
  3018 | D:3      | Noticed Ijyb
  3031 | D:3      | Killed Ijyb
  3031 | D:3      | Reached skill level 5 in Transmutations
  3031 | D:3      | Reached XP level 5. HP: 22/33 MP: 6/8
  3038 | D:3      | Learned a level 5 spell: Blade Hands
  3142 | D:3      | Found a sacrificial altar of Ru.
  3205 | D:3      | Noticed Robin
  3549 | D:3      | Killed Robin
  3578 | D:3      | Found a sparkling altar of Nemelex Xobeh.
  3630 | D:3      | Gained mutation: You are somewhat resistant to further mutation. [potion of mutation]
  3630 | D:3      | Gained mutation: You are frail. (-10% HP) [potion of mutation]
  3630 | D:3      | Gained mutation: You are somewhat resistant to both further mutation and mutation removal. [potion of mutation]
  3631 | D:3      | Reached skill level 6 in Transmutations
  3631 | D:3      | Reached XP level 6. HP: 16/34 MP: 9/9
  3969 | D:3      | Found a burning altar of Makhleb.
  4983 | D:4      | Reached skill level 7 in Transmutations
  5040 | D:5      | Entered Level 5 of the Dungeon
  5378 | D:5      | Reached XP level 7. HP: 13/38 MP: 4/10
  5461 | D:5      | Slain by a jackal

Vault maps used:
D:1:      tarquinn_simple_flora_water_a
D:2:      first_bread, serial_bayou_pond_a
D:3:      nemelex_xobeh_ov_fountains_minmay, nicolae_ru_sacrificial_ziggurat,
          bloody_makhleb, uniq_robin, uniq_iyjb
D:4:      wad_pebble_path, kennysheep_mini, overflow_temple_1_default

Skill      XL: |  1  2  3  4  5  6 |
---------------+-------------------+-----
Transmutations | 3 4 5 6 7 |  7.4
Fighting       | |  1.0
Dodging        | |  2.0
Unarmed Combat | |  3.0
Spellcasting   | |  2.0

Action                   |  1- 3 |  4- 6 |  7- 9 || total
-------------------------+-------+-------+-------++-------
Melee: Unarmed           |   103 |   195 |     6 ||   304
       Constrict         |    30 |    47 |     1 ||    78
       Kick              |    14 |    44 |       ||    58
       Tentacles         |    17 |    45 |       ||    62
       Punch             |       |     4 |       ||     4
 Cast: Beastly Appendage |    16 |    23 |       ||    39
       Blade Hands       |       |     1 |     1 ||     2
  Use: Potion            |       |     7 |     1 ||     8
 Stab: Sleeping          |     2 |     5 |       ||     7
  Eat: Chunk             |     4 |    11 |       ||    15
Armor: Skin              |     9 |    13 |     2 ||    24
Dodge: Dodged            |    68 |   128 |     6 ||   202
